 Dungeon Crawl Stone Soup version 0.30.1-11-g7821555f0a (webtiles) character file.

Game seed: 11571060442135970941

319309 ratatoskos the Sorcerer (level 20, 0/120 (122) HPs)
             Began as a Deep Elf Conjurer on Dec 25, 2023.
             Was the Champion of Vehumet.
             Slain by Onue the Head Instructor
             ... wielding a +1 antimagic triple sword
              (29 damage)
             ... in a wizard's laboratory on Dec 26, 2023.
             The game lasted 04:15:33 (53904 turns).

ratatoskos the Sorcerer (Deep Elf Conjurer)        Turns: 53904, Time: 04:15:44

HP:   0/120 (122)   AC:  8    Str:  4    XL:     20   Next: 60%
MP:   34/47         EV: 18    Int: 31    God:    Vehumet [******]
Gold: 1097          SH:  0    Dex: 11    Spells: 4/61 levels left

rFire   + . .        V - staff of cold "Ydwoxo" {rPois rC+ SInv}
rCold   + + .        P - orb {*channel}
rNeg    + + .        D - +2 robe {Archmagi}
rPois   +            B - +1 hat
rElec   +            I - scarf "Jiori" {repulsion, rElec Int+2}
rCorr   .            h - +0 pair of gloves
SInv    +            s - +1 pair of boots
Will    +++..        M - amulet of magic regeneration
Stlth   ++           K - ring of the Mage {Wiz Archmagi}
HPRegen 0.40/turn    U - ring of Terawn {rF+ rC+ rN++ Will+ Int-4}
MPRegen 0.70/turn

%: repel missiles, wizardry (x1), archmagi, channel magic (20%)
@: lightly drained
A: talons 1, clumsy 1, MP-powered wands
}: 2/15 runes: decaying, serpentine
a: Renounce Religion


You were in a wizard's laboratory.
You worshipped Vehumet.
Vehumet was exalted by your worship.
You visited 8 branches of the dungeon, and saw 36 of its levels.
You also visited: Sewer and Wizlab.

You collected 4386 gold pieces.
You spent 3289 gold pieces at shops.

Inventory:

Missiles
 j - 12 curare-tipped darts
 k - 4 throwing nets
Armour
 h - a +0 pair of gloves (worn)
 s - a +1 pair of boots (worn)
 B - a +1 hat (worn)
 D - a +2 robe of the Archmagi (worn)
 I - the scarf "Jiori" (worn) {repulsion, rElec Int+2}
   (You acquired it on level 5 of the Lair of Beasts)

   Int:       It affects your intelligence (+2).
   rElec:     It insulates you from electricity.
 P - an orb of energy (worn)
 S - quicksilver dragon scales
Magical Staves
 O - the staff of conjuration "Duozxobb" {rC+}
   (You acquired it on level 2 of the Lair of Beasts)

   [staff of conjuration]

   Base accuracy: +5 Base damage: 5 Base attack delay: 1.2 This weapon's minimum
   attack delay (0.6) is reached at skill level 12.
   rC:        It protects you from cold.
   It falls into the 'Staves' category.
   It is a one-handed weapon.
 V - the staff of cold "Ydwoxo" (weapon) {rPois rC+ SInv}
   (You found it on level 2 of the Snake Pit)

   [staff of cold]

   Base accuracy: +5 Base damage: 5 Base attack delay: 1.2 This weapon's minimum
   attack delay (0.6) is reached at skill level 12.
   rC:        It protects you from cold.
   rPois:     It protects you from poison.
   SInv:      It lets you see invisible.
   It falls into the 'Staves' category.
   It is a one-handed weapon.
Jewellery
 e - the ring "Plog" {rElec rF+ MP+9}
   (You acquired it on level 2 of the Lair of Beasts)

   [ring of magical power]

   rF:        It protects you from fire.
   rElec:     It insulates you from electricity.
   MP:        It affects your magic capacity (+9).
 f - the ring "Goetour" {rCorr MP+9}
   (You found it on level 10 of the Dungeon)

   [ring of magical power]

   MP:        It affects your magic capacity (+9).
   rCorr:     It protects you from acid and corrosion.
 i - a ring of flight
 K - the ring of the Mage (left hand) {Wiz Archmagi}
   (You found it on level 5 of the Lair of Beasts)

   [ring of wizardry]

   It improves your spell success rate.
   Archmagi:  It increases the power of your magical spells.
 M - an amulet of magic regeneration (around neck)
 U - the ring of Terawn (right hand) {rF+ rC+ rN++ Will+ Int-4}
   (You bought it in a shop on level 1 of the Snake Pit)

   [ring of protection from fire]

   Int:       It affects your intelligence (-4).
   rF:        It protects you from fire.
   rC:        It protects you from cold.
   rN:        It greatly protects you from negative energy.
   Will:      It increases your willpower.
Wands
 l - a wand of charming (32)
 m - a wand of light (10)
 z - a wand of roots (23)
 N - a wand of mindburst (13)
 Q - a wand of polymorph (18)
 X - a wand of digging (4)
Scrolls
 c - 8 scrolls of fear
 d - 20 scrolls of teleportation
 g - 3 scrolls of magic mapping
 o - 7 scrolls of silence
 r - 2 scrolls of amnesia
 t - 9 scrolls of vulnerability
 v - 10 scrolls of identify
 w - 2 scrolls of poison
 y - 3 scrolls of butterflies
 A - 10 scrolls of immolation
 C - 2 scrolls of torment
 E - 7 scrolls of blinking
 H - 6 scrolls of enchant armour
 J - 5 scrolls of fog
Potions
 b - 3 potions of mutation
 n - 4 potions of ambrosia
 p - 7 potions of haste
 q - 4 potions of brilliance
 u - 7 potions of heal wounds
 x - a potion of resistance
 F - 13 potions of curing
 G - 5 potions of cancellation
 L - 2 potions of invisibility
 Y - a potion of magic
Miscellaneous
 a - a phial of floods
 R - a phantom mirror
 T - a box of beasts
 W - a lightning rod (4/4)
 Z - a tin of tremorstones (2/2)


   Skills:
 - Level 12.2 Fighting
 - Level 3.1 Armour
 + Level 15.6 Dodging
 - Level 2.4 Stealth
 - Level 21.2 Spellcasting
 - Level 19.3 Conjurations
 - Level 7.0 Necromancy
 - Level 10.0 Translocations
 - Level 7.0 Transmutations
 - Level 5.0 Fire Magic
 - Level 5.0 Ice Magic
 - Level 5.0 Air Magic
 * Level 17.0 Earth Magic
 - Level 15.4 Evocations


You had 4 spell levels left.
You knew the following spells:

 Your Spells              Type           Power      Damage    Failure   Level
a - Statue Form           Tmut/Erth      84%        N/A       2%          6
b - Shatter               Erth           71%        3d52*     17%         9
c - Fireball              Conj/Fire      63%        3d24      1%          5
d - Iskenderun's Mystic   Conj/Tloc      100%       2d19      1%          4
e - Freezing Cloud        Conj/Ice/Air   71%        6-21      1%          5
f - Stone Arrow           Conj/Erth      100%       3d13      1%          3
g - Orb of Destruction    Conj           74%        9d17      1%          7
h - Iron Shot             Conj/Erth      72%        9d13      1%          6
j - Borgnjor's Vile Clut  Necr/Erth      63%        N/A       1%          5
k - Arcjolt               Conj/Air       63%        1d73      1%          5
l - Blink                 Tloc           100%       N/A       1%          2

Your spell library contained the following spells:

 Spells                   Type           Power      Damage    Failure   Level
 Ignition                 Fire           48%        3d14      69%         8
 Beastly Appendage        Tmut           100%       N/A       1%          1
 Kiss of Death            Conj/Necr      100%       2d13      1%          1
 Magic Dart               Conj           100%       1d8       1%          1
 Ensorcelled Hibernation  Hex/Ice        100%       N/A       1%          2
 Passwall                 Tmut/Erth      100%       N/A       1%          2
 Poisonous Vapours        Pois/Air       100%       N/A       1%          2
 Scorch                   Fire           100%       2d9       1%          2
 Searing Ray              Conj           100%       2d8       1%          2
 Wereblood                Tmut           100%       N/A       1%          2
 Dazzling Flash           Conj/Hex       100%       N/A       1%          3
 Frozen Ramparts          Ice            100%       1d16      1%          3
 Gell's Gravitas          Tloc           100%       N/A       1%          3
 Hailstorm                Conj/Ice       100%       3d20      1%          3
 Inner Flame              Hex/Fire       83%        N/A       1%          3
 Mephitic Cloud           Conj/Pois/Air  100%       N/A       1%          3
 Ozocubu's Armour         Ice            100%       N/A       1%          3
 Portal Projectile        Hex/Tloc       100%       N/A       1%          3
 Spider Form              Tmut/Pois      89%        N/A       1%          3
 Swiftness                Air            97%        N/A       1%          3
 Vhi's Electric Charge    Tloc/Air       100%       N/A       1%          3
 Volatile Blastmotes      Fire/Tloc      100%       2d18      1%          3
 Animate Armour           Summ/Erth      100%       N/A       1%          4
 Animate Dead             Necr           100%       N/A       1%          4
 Flame Wave               Conj/Fire      100%       2d21      1%          4
 Fulminant Prism          Conj/Hex       59%        3d24      1%          4
 Ice Form                 Ice/Tmut       100%       N/A       1%          4
 Leda's Liquefaction      Hex/Erth       57%        N/A       1%          4
 Petrify                  Tmut/Erth      100%       N/A       1%          4
 Summon Small Mammal      Summ           100%       N/A       2%          1
 Call Canine Familiar     Summ           65%        N/A       4%          3
 Summon Guardian Golem    Hex/Summ       65%        N/A       4%          3
 Tukima's Dance           Hex            65%        N/A       4%          3
 Anguish                  Hex/Necr       44%        N/A       4%          4
 Summon Ice Beast         Ice/Summ       100%       N/A       4%          4
 Summon Lightning Spire   Summ/Air       83%        N/A       4%          4
 Irradiate                Conj/Tmut      65%        3d33      1%          5
 Iskenderun's Battlesphe  Conj           100%       2d15      1%          5
 Lee's Rapid Deconstruct  Erth           71%        3d32*     1%          5
 Conjure Ball Lightning   Conj/Air       63%        3x3d23    1%          6
 Starburst                Conj/Fire      63%        6d17      1%          6
 Lehudib's Crystal Spear  Conj/Erth      72%        10d16     1%          8
 Blade Hands              Tmut           53%        N/A       2%          5
 Yara's Violent Unravell  Hex/Tmut       44%        3d17      2%          5
 Spellforged Servitor     Conj/Summ      59%        N/A       4%          7
 Alistair's Intoxication  Tmut/Pois      59%        N/A       8%          5
 Metabolic Englaciation   Hex/Ice        52%        N/A       10%         5
 Simulacrum               Ice/Necr       63%        N/A       12%         6
 Ozocubu's Refrigeration  Ice            60%        4d20      19%         7
 Summon Mana Viper        Hex/Summ       65%        N/A       22%         5
 Dragon Form              Tmut           53%        N/A       34%         7
 Disjunction              Tloc           60%        N/A       56%         8
 Chain Lightning          Conj/Air       63%        3d84      63%         9
 Summon Cactus Giant      Summ           32%        N/A       67%         6
 Maxwell's Capacitive Co  Air            48%        ∞         69%         8
 Haunt                    Necr/Summ      44%        N/A       77%         7
 Infestation              Necr           53%        N/A       89%         8
 Enfeeble                 Hex            32%        N/A       99%         7
 Monstrous Menagerie      Summ           32%        N/A       99%         7
 Discord                  Hex            32%        N/A       100%        8
 Polar Vortex             Ice            60%        N/A       100%        9


Dungeon Overview and Level Annotations

Branches:
Dungeon (15/15)            Temple (1/1) D:4            Lair (5/5) D:10
  Swamp (4/4) Lair:3        Snake (4/4) Lair:2        Slime (0/5) Lair:5
    Orc (2/2) D:11            Elf (0/3) Orc:2        Vaults (4/5) D:13
  Crypt (0/3) Vaults:2     Depths (1/4) D:15          Sewer (visited)
 WizLab (1/1)

Altars:
Ashenzari
Cheibriados
Dithmenos
Elyvilon
Fedhas
Gozag
Hepliaklqana
Kikubaaqudgha
Makhleb
Nemelex Xobeh
Okawaru
Qazlal
Ru
Sif Muna
Trog
Uskayaw
Vehumet
Wu Jian
Xom
Yredelemnul
Zin
The Shining One

Shops:
D:1 :   D:13 :   D:14 *   Orc:2 ::[(*   Snake:1 (?!=   Vaults:4 (

Portals:
Hell: Lair:5 Depths:1


Innate Abilities, Weirdness & Mutations

You have sharp toenails.
You are clumsy. (Dex -2)
You expend magic power (3 MP) to strengthen your wands.


Message History

Onue is lightly wounded.
You hear a shout!
The spriggan air mage points at you and mumbles some strange words.
The bolt of lightning misses you.
Casting: Fireball (mildly dangerous; 1% risk of failure)
Confirm with . or Enter, or press ? or * to list all spells.
Aiming: Fireball (mildly dangerous; 1% risk of failure)
Press: ? - help, Shift-Dir - straight line, f - spriggan air mage
Aim: a spriggan air mage, wielding a +1 antimagic rapier and wearing +0 acid dragon scales (heavily wounded, repelling missiles)
You feel a strong surge of power!
The fireball explodes!
The fireball engulfs the spriggan air mage!!
You kill the spriggan air mage!
Vehumet accepts your kill.
You feel your power returning.
The fireball engulfs Onue!!
Onue is moderately wounded.
Casting: Fireball (mildly dangerous; 1% risk of failure)
Confirm with . or Enter, or press ? or * to list all spells.
You feel a strong surge of power!
You erupt in a blast of force!
The mystic blast hits Onue!
Onue is heavily wounded.
Onue is knocked back by the mystic blast.
Onue collides with the tengu reaver!
The tengu reaver is lightly wounded.
Onue is heavily wounded.
Magical energy flows into your mind! Onue casts a spell at you.
Onue blinks!
The tengu reaver gestures at you while chanting.
The bolt of negative energy hits you! You partially resist.
You feel drained.
Read: 9 scrolls of fear
Press: ? - help, Q - select action, (/) - cycle Dir - look around, f - activate Look: a tengu reaver, wielding a +1 antimagic great sword and wearing a +0 plate armour (lightly wounded, chance to affect: 79%)
As you read the scroll of fear, it crumbles to dust.
You assume a fearsome visage.
Onue resists with almost no effort.
The tengu reaver looks frightened!
Onue hits you with a +1 antimagic triple sword!!
* * * LOW HITPOINT WARNING * * *
You feel your power leaking away.
Onue hits you with a +2 antimagic triple sword!!
You die...

......♣....#.~~~~~~.#......#..##.
...........#.P~~~~P.#...#........
...♣..♣..♣....P~~P....♣#...#.....
...#..♣..#..#......#.......##.##.
...#.....##...#..#...##..........
....#.....##........#............
....#.......#......##...#.#######
#....##.....#.♣..♣##...##♣♣♣
##.....#.......@@.....##...♣♣♣
..#..........................♣♣
..####.......##''##......⌠....♣
...........###..§.###........♣♣
♣♣........## .......##......♣♣
♣♣♣####### ....Q....#####.♣♣
..........+ #♣♣ #..##..##..# #..
.... ..#


You could see Onue the Head Instructor and a tengu reaver (fleeing).

Vanquished Creatures
  Boris (twice) (Vaults:3 Vaults:4)
  Vashnia (Snake:4)
  Nikola (Swamp:2)
  Rupert (D:13)
  A tentacled monstrosity (Swamp:4)
  3 quicksilver dragons
  A lich (Depths:1)
  Mlioglotl (Swamp:3)
  4 sphinxes
  Agnes (Snake:2)
  2 tengu reavers (Vaults:3)
  A nagaraja (Snake:1)
  2 fenstrider witches
  Roxanne (Snake:1)
  2 fire giants (Vaults:3)
  2 frost giants (Vaults:3)
  A draconian knight (WizLab)
  A deep elf sorcerer (Vaults:2)
  Louise (D:15)
  Aizul (Snake:1)
  2 orc warlords
  4 vault wardens
  19 ironbound preservers
  A quicksilver ooze (Vaults:1)
  A very ugly thing (Vaults:3)
  A stone giant (Depths:1)
  6 ironbound thunderhulks
  2 vampire knights
  6 bunyips
  The ghost of Yfreyx the Fighter, a journeyman MeSu of Cheibriados (Lair:3)
  10 dire elephants
  3 eleionomae
  3 ettins (Depths:1)
  Snorg (Orc:2)
  3 deep elf high priests
  2 shambling mangroves (Swamp:4)
  Josephine (D:14)
  4 fire dragons
  6 yaktaur captains
  9 great orbs of eyes
  26 hydras
  A peacekeeper (Vaults:1)
  2 entropy weavers (Vaults:2)
  2 ice dragons (Depths:1)
  A rakshasa (D:15)
  6 vault guards (Vaults:4)
  A hell beast (Lair:5)
  3 salamander tyrants (Snake:4)
  7 anacondas
  Erolcha (D:13)
  2 catoblepae
  A ghost crab (Swamp:4)
  4 spriggan air magi (WizLab)
  11 ironbound frosthearts
  8 naga warriors
  13 centaur warriors
  3 boulder beetles
  4 two-headed ogres
  A death knight (D:13)
  9 alligators
  A deep troll shaman (Depths:1)
  A deep troll earth mage (D:13)
  A spriggan berserker (Swamp:4)
  2 orc high priests (Orc:2)
  12 naga sharpshooters
  Urug (D:13)
  6 shock serpents
  A deep elf knight (WizLab)
  A hell knight (WizLab)
  Sonja (D:13)
  2 iron trolls (Depths:1)
  A skyshark (Lair:3)
  5 skeletal warriors (D:15)
  3 fire crabs
  2 salamander mystics (WizLab)
  3 glowing orange brains
  4 goliath frogs
  An obsidian statue (Snake:1)
  14 swamp dragons
  A deep elf archer (Vaults:2)
  12 wizards
  10 naga ritualists
  44 deep trolls
  5 bog bodies
  A golden dragon skeleton (Depths:1)
  15 ironbound convokers
  9 lindwurms
  2 spriggan druids
  17 mana vipers
  8 necromancers
  Pikel (D:5)
  3 deep elf pyromancers
  3 deep elf zephyrmancers (Vaults:2)
  21 ugly things
  6 orc knights
  An oklob plant (Lair:4)
  5 orc sorcerers
  A stone giant zombie (Depths:1)
  A wolf spider (D:13)
  A moth of wrath (shapeshifter) (Vaults:4)
  7 cyclopes
  A manticore (D:13)
  A will-o-the-wisp (Swamp:3)
  6 elephants (Lair:4)
  8 salamanders
  33 black mambas
  6 guardian serpents
  12 naga magi
  A human skeleton (Vaults:2)
  17 vault sentinels
  A gargoyle (D:12)
  Maggie (D:6)
  Joseph (D:8)
  An unseen horror (D:12)
  2 torpor snails
  7 cane toads
  4 rime drakes
  2 centaur skeletons (D:15)
  3 orange demons (Lair:5)
  An efreet (D:13)
  2 ice devils (Lair:5)
  13 komodo dragons
  22 yaktaurs
  6 tengu conjurers
  A yaktaur skeleton (Vaults:2)
  2 kobold demonologists (D:11)
  A golden dragon simulacrum (Vaults:2)
  A polar bear (shapeshifter) (D:10)
  7 trolls
  4 bloated husks
  3 polar bears
  12 tyrant leeches
  25 blink frogs
  A hellwing (Lair:5)
  6 hornets
  5 dream sheep (Lair:5)
  46 slime creatures
  A centaur simulacrum (D:15)
  Sigmund (D:5)
  An elf skeleton (Vaults:4)
  20 spriggans
  7 wyverns
  A shadow (D:9)
  3 vampires
  A culicivora (Vaults:2)
  50 yaks
  9 wraiths
  15 humans (D:13)
  A spriggan skeleton (Depths:1)
  Eustachio (D:4)
  5 redbacks (Vaults:2)
  A redback (shapeshifter) (Vaults:4)
  6 basilisks
  6 wargs
  7 steam dragons
  14 vampire mosquitoes
  15 swamp worms
  A swamp worm (shapeshifter) (Vaults:4)
  An ogre zombie (Vaults:2)
  2 acid dragons
  35 nagas
  22 water moccasins
  Duvessa (D:5)
  5 hell hounds (Lair:5)
  7 swamp drakes
  A floating eye (Lair:5)
  25 orc warriors
  An ice beast (D:5)
  7 black bears
  6 ogres
  10 wolves
  4 boggarts (Vaults:4)
  A sky beast (D:7)
  8 centaurs
  A lemure (D:5)
  2 phantoms (D:6)
  7 bullfrogs
  8 kobold brigands
  2 elf simulacra (Vaults:4)
  Blork the orc (D:5)
  3 scorpions
  5 gnoll sergeants
  18 wights
  Dowan (D:5)
  42 killer bees
  3 troll skeletons (Swamp:1)
  3 howler monkeys
  2 electric eels (Lair:3)
  A lava snake (Swamp:4)
  10 orc priests
  2 hounds
  4 jellies
  A gnoll bouda (D:4)
  A sleepcap (D:7)
  Jessica (D:2)
  5 iguanas
  20 orc wizards
  22 gnolls
  12 adders
  5 river rats
  3 white imps
  An ufetubus (D:4)
  6 worms
  3 dart slugs
  42 orcs
  2 bats
  4 endoplasms
  5 giant cockroaches
  6 goblins
  11 hobgoblins
  5 jackals
  34 kobolds
  6 quokkas
  9 ball pythons
  2 frilled lizards
  20 rats
  A fire vortex (Swamp:4)
1366 creatures vanquished.

Vanquished Creatures (others)
  A hydra (Swamp:4)
  An ogre mage (WizLab)
  A swamp dragon (Swamp:4)
  A steam dragon (Swamp:4)
  A human (D:13)
  A swamp drake (Swamp:4)
  4 foxfires (Swamp:3)
10 creatures vanquished.

Grand Total: 1376 creatures vanquished

Notes
Turn   | Place    | Note
-------+----------+-------------------------------------------
     0 | D:1      | ratatoskos the Deep Elf Conjurer began the quest for the
                  | Orb.
     0 | D:1      | Reached XP level 1. HP: 10/10 MP: 6/6
   285 | D:1      | Reached XP level 2. HP: 15/15 MP: 6/8
   585 | D:1      | Found Juypni's Vocational Training.
   873 | D:2      | Reached skill level 5 in Conjurations
   873 | D:2      | Reached XP level 3. HP: 19/19 MP: 7/10
   876 | D:2      | Learned a level 2 spell: Searing Ray
  1098 | D:2      | Learned a level 3 spell: Dazzling Flash
  1393 | D:2      | Found a blossoming altar of Fedhas.
  1398 | D:2      | Noticed Jessica
  1403 | D:2      | Reached XP level 4. HP: 24/24 MP: 4/11
  1404 | D:2      | Reached skill level 4 in Spellcasting
  1565 | D:2      | Killed Jessica
  1662 | D:2      | Reached XP level 5. HP: 28/28 MP: 11/13
  2502 | D:3      | Found a glowing drain.
  2509 | Sewer    | Entered a sewer
  2900 | Sewer    | Reached XP level 6. HP: 22/32 MP: 7/15
  3034 | Sewer    | Reached skill level 5 in Spellcasting
  3978 | D:3      | Learned a level 4 spell: Iskenderun's Mystic Blast
  4422 | D:4      | Reached skill level 5 in Dodging
  4422 | D:4      | Reached XP level 7. HP: 28/36 MP: 9/17
  4576 | D:4      | Reached skill level 1 in Translocations
  4577 | D:4      | Reached skill level 6 in Spellcasting
  4765 | D:4      | Found a staircase to the Ecumenical Temple.
  4786 | Temple   | Entered the Ecumenical Temple
  5072 | D:4      | Noticed Eustachio
  5080 | D:4      | Killed Eustachio
  5638 | D:5      | Entered Level 5 of the Dungeon
  5738 | D:5      | Reached XP level 8. HP: 37/41 MP: 19/19
  5775 | D:5      | Noticed Blork the orc
  5781 | D:5      | Killed Blork the orc
  6045 | D:5      | Noticed Duvessa
  6045 | D:5      | Noticed Dowan
  6440 | D:5      | Killed Duvessa
  6441 | D:5      | Reached skill level 5 in Translocations
  6451 | D:5      | Killed Dowan
  6472 | D:5      | Noticed Sigmund
  6476 | D:5      | Killed Sigmund
  6745 | D:5      | Noticed Pikel
  6763 | D:5      | Killed Pikel
  6764 | D:5      | Reached XP level 9. HP: 24/45 MP: 7/20
  7317 | D:6      | Found a sacrificial altar of Ru.
  7530 | D:6      | Found a radiant altar of Vehumet.
  7570 | D:6      | Became a worshipper of Vehumet
  7654 | D:6      | Gained mutation: You are vulnerable to cold. (rC-) [potion
                  | of mutation]
  7654 | D:6      | Gained mutation: You have sharp fingernails. [potion of
                  | mutation]
  7654 | D:6      | Gained mutation: You are clumsy. (Dex -2) [potion of
                  | mutation]
  7654 | D:6      | Gained mutation: You are somewhat resistant to further
                  | mutation. [potion of mutation]
  7706 | D:6      | Lost mutation: You have sharp fingernails. [potion of
                  | mutation]
  7706 | D:6      | Lost mutation: You are clumsy. (Dex -2) [potion of
                  | mutation]
  7707 | D:6      | Lost mutation: You are vulnerable to cold. (rC-) [potion of
                  | mutation]
  7707 | D:6      | Lost mutation: You are somewhat resistant to further
                  | mutation. [potion of mutation]
  7707 | D:6      | Gained mutation: You are partially covered in large bone
                  | plates. (SH +4) [potion of mutation]
  7707 | D:6      | Gained mutation: Your spells are a little harder to cast,
                  | but a little more powerful. [potion of mutation]
  7707 | D:6      | Gained mutation: You are clumsy. (Dex -2) [potion of
                  | mutation]
  7707 | D:6      | Gained mutation: Your flesh is cold resistant. (rC+)
                  | [potion of mutation]
  7798 | D:6      | Found a bloodstained altar of Trog.
  7802 | D:6      | Noticed Maggie
  7946 | D:6      | Killed Maggie
  8656 | D:6      | Found a stormy altar of Qazlal.
  8729 | D:7      | Learned a level 5 spell: Freezing Cloud
  8904 | D:7      | Found a snail-covered altar of Cheibriados.
  9039 | D:7      | Reached skill level 1 in Ice Magic
  9069 | D:7      | Reached * piety under Vehumet
  9069 | D:7      | Offered knowledge of Kiss of Death by Vehumet.
  9070 | D:7      | Reached skill level 1 in Air Magic
  9085 | D:7      | HP: 2/45 [gnoll sergeant/+0 spear (9)]
  9878 | D:7      | Reached skill level 7 in Spellcasting
  9881 | D:7      | Reached XP level 10. HP: 50/50 MP: 11/22
 10318 | D:8      | Noticed Joseph
 10413 | D:8      | Killed Joseph
 10808 | D:8      | Reached skill level 10 in Conjurations
 10877 | D:8      | Noticed a two-headed ogre
 10888 | D:8      | Killed a two-headed ogre
 11021 | D:8      | Reached skill level 8 in Spellcasting
 11710 | D:8      | Found a hide-covered altar of Uskayaw.
 11711 | D:8      | Found a burning altar of Makhleb.
 11712 | D:8      | Found a white marble altar of Elyvilon.
 11713 | D:8      | Found a blossoming altar of Fedhas.
 12243 | D:9      | Reached ** piety under Vehumet
 12243 | D:9      | Offered knowledge of Momentum Strike by Vehumet.
 12254 | D:9      | Reached XP level 11. HP: 39/54 MP: 9/25
 12724 | D:9      | Found a shimmering blue altar of Sif Muna.
 12745 | D:9      | Identified the +5 war axe of Winter {pain, rElec Str+3
                  | Dex+2}
 13414 | D:9      | Offered knowledge of Static Discharge by Vehumet.
 13550 | D:9      | Reached skill level 10 in Dodging
 13845 | D:10     | Entered Level 10 of the Dungeon
 13887 | D:10     | Found an iron altar of Okawaru.
 13902 | D:10     | Reached skill level 9 in Spellcasting
 14090 | D:10     | Identified the ring "Goetour" {rCorr MP+9}
 14124 | D:10     | Reached skill level 10 in Translocations
 14441 | D:10     | Reached skill level 5 in Ice Magic
 14654 | D:10     | Learned a level 3 spell: Stone Arrow
 14830 | D:10     | Reached *** piety under Vehumet
 14874 | D:10     | Reached skill level 1 in Earth Magic
 15008 | D:10     | Found a staircase to the Lair.
 15256 | D:10     | Noticed a wizard
 15259 | D:10     | Killed a wizard
 15749 | Lair:1   | Entered Level 1 of the Lair of Beasts
 15818 | Lair:1   | Reached skill level 5 in Air Magic
 15988 | Lair:1   | Noticed a seven-headed hydra
 15993 | Lair:1   | Killed a seven-headed hydra
 16033 | Lair:1   | Reached skill level 10 in Spellcasting
 16354 | Lair:1   | Noticed a catoblepas
 16373 | Lair:1   | Killed a catoblepas
 16374 | Lair:1   | Reached XP level 12. HP: 31/59 MP: 16/28
 16963 | Lair:1   | Offered knowledge of Ignite Poison by Vehumet.
 17477 | Lair:2   | Reached skill level 11 in Spellcasting
 17497 | Lair:2   | Reached **** piety under Vehumet
 17572 | Lair:2   | Learned a level 7 spell: Orb of Destruction
 17759 | Lair:2   | Offered knowledge of Irradiate by Vehumet.
 17802 | Lair:2   | Learned a level 5 spell: Irradiate
 17855 | Lair:2   | Found a staircase to the Snake Pit.
 17914 | Lair:2   | Noticed a six-headed hydra
 17922 | Lair:2   | Killed a six-headed hydra
 18500 | Lair:2   | Noticed a catoblepas
 18519 | Lair:2   | Killed a catoblepas
 18849 | Lair:2   | Identified 3 scrolls of acquirement
 18850 | Lair:2   | Acquired the staff of conjuration "Duozxobb" {rC+}
 18892 | Lair:2   | Acquired the ring "Plog" {rElec rF+ MP+9}
 19015 | Lair:2   | Acquired a book of the Spheres
 19084 | Lair:3   | Noticed a four-headed hydra
 19088 | Lair:3   | Killed a four-headed hydra
 19089 | Lair:3   | Reached skill level 1 in Fighting
 19116 | Lair:3   | Reached skill level 12 in Spellcasting
 19315 | Lair:3   | Learned a level 5 spell: Iskenderun's Battlesphere
 19729 | Lair:3   | Reached XP level 13. HP: 66/66 MP: 31/31
 20080 | Lair:3   | Reached skill level 15 in Conjurations
 20275 | Lair:3   | Reached ***** piety under Vehumet
 20275 | Lair:3   | Offered knowledge of Iron Shot by Vehumet.
 20302 | Lair:3   | Found a staircase to the Swamp.
 20336 | Lair:3   | Learned a level 6 spell: Iron Shot
 20451 | Lair:3   | Found a large runed translucent door.
 20452 | Lair:3   | Found a large runed translucent door.
 20453 | Lair:3   | Noticed Yfreyx's ghost (journeyman MeSu)
 20647 | Lair:4   | Reached skill level 13 in Spellcasting
 21385 | Lair:4   | Learned a level 5 spell: Fireball
 21740 | Lair:5   | Entered Level 5 of the Lair of Beasts
 21751 | Lair:5   | Found a staircase to the Slime Pits.
 21793 | Lair:5   | Reached skill level 1 in Fire Magic
 22007 | Lair:5   | Acquired the scarf "Jiori" {repulsion, rElec Int+2}
 22341 | D:1      | Bought a manual of Evocations for 1120 gold pieces
 22598 | Lair:5   | Reached skill level 1 in Evocations
 22763 | Lair:5   | Noticed Nessos
 22765 | Lair:5   | Nessos changed into Nessos the floating eye
 22765 | Lair:5   | Noticed Nessos
 22768 | Lair:5   | Killed Nessos the floating eye
 22772 | Lair:5   | Reached skill level 5 in Earth Magic
 22772 | Lair:5   | Reached XP level 14. HP: 63/76 MP: 33/33
 23170 | Lair:5   | Reached skill level 14 in Spellcasting
 23620 | Lair:5   | Reached skill level 5 in Fighting
 24036 | Lair:5   | Found a burning altar of Makhleb.
 24206 | Lair:5   | Found a gateway to Hell.
 24206 | Lair:5   | Found the ring of the Mage {Wiz Archmagi}
 24532 | Lair:3   | Killed Yfreyx's ghost
 24533 | Lair:3   | Reached skill level 5 in Evocations
 25109 | D:11     | Offered knowledge of Olgreb's Toxic Radiance by Vehumet.
 25321 | D:11     | Found a staircase to the Orcish Mines.
 26440 | D:12     | Reached skill level 5 in Fire Magic
 27114 | D:13     | Noticed Rupert
 27114 | D:13     | Noticed Urug
 27114 | D:13     | Found a gate to the Vaults.
 27715 | D:13     | Killed Urug
 27723 | D:13     | Found Naiqutt's Tiny Tomes.
 27736 | D:13     | Bought the Elucidation of the Plateau and Shades for 228
                  | gold pieces
 27797 | D:13     | Reached skill level 15 in Spellcasting
 27838 | D:13     | Killed Rupert
 28073 | D:13     | Reached XP level 15. HP: 84/84 MP: 36/36
 28082 | D:13     | Learned a level 5 spell: Borgnjor's Vile Clutch
 28308 | D:13     | Noticed Sonja
 28320 | D:13     | Noticed Erolcha
 28321 | D:13     | Killed Sonja
 28322 | D:13     | Reached skill level 1 in Necromancy
 28324 | D:13     | Killed Erolcha
 28940 | D:14     | Found Mosourph's General Store.
 28945 | D:14     | Bought a scroll of blinking for 75 gold pieces
 29102 | D:14     | Noticed Josephine
 29127 | D:15     | Entered Level 15 of the Dungeon
 29295 | D:14     | Killed Josephine
 30196 | D:15     | Noticed Louise
 30203 | D:15     | Killed Louise
 30258 | D:15     | Offered knowledge of Eringya's Noxious Bog by Vehumet.
 30268 | D:15     | Reached skill level 5 in Necromancy
 30609 | D:15     | Found a staircase to the Depths.
 30652 | D:15     | Reached skill level 10 in Evocations
 30989 | D:15     | Found a sparkling altar of Nemelex Xobeh.
 31191 | Orc:1    | Entered Level 1 of the Orcish Mines
 31338 | Orc:2    | Entered Level 2 of the Orcish Mines
 31338 | Orc:2    | Found Hisifol's Antique Weapon Emporium.
 31351 | Orc:2    | Reached skill level 16 in Spellcasting
 31439 | Orc:2    | Found Bazol's General Store.
 31767 | Orc:2    | Found Habuiv's Antique Armour Emporium.
 31772 | Orc:2    | Found Mamuafar's Book Shop.
 31856 | Orc:2    | Found a staircase to the Elven Halls.
 31997 | Orc:2    | Found Uceizxull's Book Shoppe.
 32000 | Orc:2    | Noticed Snorg
 32010 | Orc:2    | Killed Snorg
 32635 | Snake:1  | Entered Level 1 of the Snake Pit
 32658 | Snake:1  | Reached XP level 16. HP: 92/92 MP: 38/38
 32664 | Snake:1  | Offered knowledge of Ozocubu's Refrigeration by Vehumet.
 33022 | Snake:1  | Noticed Roxanne
 33028 | Snake:1  | Killed Roxanne
 33040 | Snake:1  | Noticed Aizul
 33044 | Snake:1  | Killed Aizul
 33456 | Snake:1  | Found a transporter.
 33456 | Snake:1  | Found a transporter.
 33509 | Snake:1  | Found Hunox's Magic Scroll Shoppe.
 33509 | Snake:1  | Found Hitzial's Weapon Shop.
 33516 | Snake:1  | Found Danoit's Distillery.
 33529 | Snake:1  | Found Cimamnel's Jewellery Boutique.
 33533 | Snake:1  | Bought a potion of heal wounds for 65 gold pieces
 33533 | Snake:1  | Bought a potion of heal wounds for 65 gold pieces
 33538 | Snake:1  | Bought a ring of poison resistance for 300 gold pieces
 33942 | Snake:1  | Identified the ring "Nur Toenyoxt" {rN+ Dex+6 Slay+3}
 34147 | Snake:2  | Got the Disquisition on Ill Luck
 34618 | Snake:2  | Noticed Agnes
 34620 | Snake:2  | Killed Agnes
 34756 | Snake:2  | Identified the staff of cold "Ydwoxo" {rPois rC+ SInv}
 34782 | Snake:2  | Lost mutation: Your flesh is cold resistant. (rC+) [potion
                  | of mutation]
 34782 | Snake:2  | Lost mutation: You are partially covered in large bone
                  | plates. (SH +4) [potion of mutation]
 34782 | Snake:2  | Lost mutation: Your spells are a little harder to cast, but
                  | a little more powerful. [potion of mutation]
 34782 | Snake:2  | Gained mutation: You expend magic power (3 MP) to
                  | strengthen your wands. [potion of mutation]
 34782 | Snake:2  | Gained mutation: You have sharp toenails. [potion of
                  | mutation]
 34823 | Snake:2  | Reached skill level 17 in Spellcasting
 34845 | Snake:2  | Reached skill level 10 in Earth Magic
 34850 | Snake:2  | Identified the +2 robe "Qadogekk" {Str+2}
 35566 | Snake:1  | Bought the ring of Terawn {rF+ rC+ rN++ Will+ Int-4} for
                  | 700 gold pieces
 35716 | Snake:3  | Got the Almanac of Envenoming and Position
 36958 | Snake:4  | Entered Level 4 of the Snake Pit
 38186 | Snake:4  | Offered knowledge of Arcjolt by Vehumet.
 38260 | Snake:4  | Learned a level 5 spell: Arcjolt
 38263 | Snake:4  | Learned a level 2 spell: Blink
 38285 | Snake:4  | Noticed Vashnia
 38303 | Snake:4  | Reached XP level 17. HP: 53/100 MP: 30/40
 38650 | Snake:4  | Killed Vashnia
 38651 | Snake:4  | Reached skill level 18 in Spellcasting
 39171 | Snake:4  | Noticed a quicksilver dragon
 39171 | Snake:4  | Noticed a quicksilver dragon
 39173 | Snake:4  | Killed a quicksilver dragon
 39175 | Snake:4  | Killed a quicksilver dragon
 39331 | Snake:4  | Got a serpentine rune of Zot
 39529 | Snake:1  | Reached skill level 15 in Evocations
 39819 | Snake:1  | Identified the +0 helmet of Uclymeju {rElec rPois Str-3
                  | Int+4}
 39987 | Swamp:1  | Entered Level 1 of the Swamp
 40539 | Swamp:1  | Identified the +4 short sword of Conscience {protect,
                  | Dex+3}
 41013 | Swamp:2  | Noticed Nikola
 41192 | Swamp:2  | Reached skill level 10 in Fighting
 41329 | Swamp:2  | Killed Nikola
 42093 | Swamp:3  | Reached skill level 19 in Spellcasting
 42256 | Swamp:3  | Reached ****** piety under Vehumet
 42401 | Swamp:3  | Offered knowledge of Plasma Beam by Vehumet.
 42404 | Swamp:3  | Noticed Mlioglotl
 42407 | Swamp:3  | Killed Mlioglotl
 42808 | Swamp:4  | Entered Level 4 of the Swamp
 43233 | Swamp:4  | Reached XP level 18. HP: 108/108 MP: 34/43
 43518 | Swamp:4  | Noticed a tentacled monstrosity
 43530 | Swamp:4  | Killed a tentacled monstrosity
 43770 | Swamp:4  | Got a decaying rune of Zot
 44507 | Lair:2   | Reached skill level 20 in Spellcasting
 44508 | Lair:2   | Offered knowledge of Maxwell's Capacitive Coupling by
                  | Vehumet.
 44628 | D:9      | Got Sif Muna's Codex of Fulmination
 44715 | Vaults:1 | Entered Level 1 of the Vaults
 44770 | Vaults:1 | Found a runed translucent door.
 46668 | Vaults:1 | Got the Information on Soot and Electricity
 47339 | Vaults:2 | Reached skill level 21 in Spellcasting
 48017 | Vaults:2 | Found a staircase to the Crypt.
 48017 | Vaults:2 | Found a basalt altar of Yredelemnul.
 48017 | Vaults:2 | Found an ancient bone altar of Kikubaaqudgha.
 48040 | Vaults:2 | Offered knowledge of Shatter by Vehumet.
 48040 | Vaults:2 | Offered knowledge of Polar Vortex by Vehumet.
 48040 | Vaults:2 | Offered knowledge of Ignition by Vehumet.
 48297 | Orc:2    | Bought Sif Muna's Writings on Chilling Haze for 736 gold
                  | pieces
 48304 | Orc:2    | Learned a level 6 spell: Statue Form
 48545 | Vaults:2 | Reached skill level 1 in Transmutations
 48545 | Vaults:2 | Reached XP level 19. HP: 116/116 MP: 44/46
 48612 | Vaults:2 | Reached skill level 1 in Armour
 50327 | Vaults:3 | Identified the +1 plate armour "Nishrun" {+Inv rF- Str+5}
 50405 | Vaults:3 | Reached skill level 5 in Transmutations
 50677 | Vaults:3 | Noticed Boris
 50690 | Vaults:3 | Killed Boris
 51085 | Vaults:3 | Identified the +1 shortbow "Jefrirai" {drain, Str+2 Dex+4}
 52056 | Vaults:4 | Found Goasiev's Antique Weapon Shoppe.
 52121 | Vaults:4 | Reached XP level 20. HP: 122/122 MP: 40/47
 52162 | Vaults:4 | Noticed Boris
 52167 | Vaults:4 | Killed Boris
 52309 | Vaults:4 | Reached skill level 15 in Earth Magic
 53011 | Vaults:4 | Learned a level 9 spell: Shatter
 53193 | Depths:1 | Entered Level 1 of the Depths
 53209 | Depths:1 | Reached skill level 15 in Dodging
 53338 | Depths:1 | Found a magical portal.
 53349 | WizLab   | Entered Yara's Duelist Academy
 53898 | WizLab   | Noticed Onue
 53904 | WizLab   | Slain by Onue the Head Instructor

Illustrated notes

Levels and vault maps discovered:
D:1:      beargit_arrival_greenhouse, layout_basic, serial_glass,
          glass_columns_b, glass_columns_a, minmay_misc_feat_ornament,
          chequers_serial_rivers_small_3, nicolae_shop_vocational
D:2:      layout_loops_ring, basic_altar, uniq_jessica
D:3:      layout_basic, gup_sewer_entry_bubbles
D:4:      layout_basic, minmay_temple_entry_arrows, minmay_misc_feat_hallway,
          uniq_eustachio
D:5:      layout_basic, nicolae_underground_beach, uniq_duvessa, uniq_sigmund,
          uniq_blork_the_orc, uniq_pikel
D:6:      layout_gridville, nicolae_ru_awakened_eye, kennysheep_mini,
          mainiacjoe_overflow_big_doors, uniq_maggie
D:7:      layout_gridville, mainiacjoe_overflow_six_doors_small,
          kennysheep_generic_room_12
D:8:      layout_basic, chequers_temple_overflow_statue_of_worship,
          hangedman_decor_slide_cut, minmay_fractal_squares_5, uniq_joseph
D:9:      layout_irregular_city, nicolae_sif_muna_little_library,
          hangedman_glass_teeth
D:10:     layout_loops_corners, overflow_temple_1_default, david_lair_generic,
          minmay_bent
D:11:     layout_loops_cross, orc_0_dummy, kennysheep_generic_room_11
D:12:     layout_basic, the_hattery
D:13:     minmay_diamond_stairs, layout_gridville, david_vaults_3,
          minmay_misc_feat_tower, nicolae_shop_i_like_small_books_too,
          minmay_misc_feat_five, dk_noncrumbling_3, nrook_loot_triangle,
          uniq_sonja, uniq_erolcha, uniq_urug
D:14:     layout_stronghold, dreamdust_princess_corridor, serial_shops, shop,
          uniq_josephine
D:15:     grunt_enter_depths_magical_seal, layout_long_grid,
          minmay_misc_feat_iff, nemelex_xobeh_ov_fountains_minmay, uniq_louise
Temple:   minmay_temple_curvy_loop
Lair:1:   layout_roguey, hangedman_lair_generics_rect
Lair:2:   wad_woods_minihive, layout_chaotic_city, guppyfry_snake_entry_garden
Lair:3:   layout_regular_city, minmay_swamp_entry_worms,
          ebering_ghost_disaster_area, pdpol_lair_cavern_descent,
          lemuel_fruit_tree
Lair:4:   layout_gridlike
Lair:5:   evil_forest, layout_gridlike, slime_entry_1, uniq_rupert, uniq_nessos
Swamp:1:  layout_falls_marsh, nicolae_swamp_tree_isthmus, swamp_pool2,
          cheibrodos_swamp_minitomb
Swamp:2:  layout_basic_swamp, infiniplex_staircase_pool, swamp_pool3,
          uniq_nikola
Swamp:3:  layout_basic_swamp, serial_swamp_ruin, evilmike_swamp_ruin_house_2,
          evilmike_swamp_ruin_house_4, evilmike_swamp_ruin_house_3,
          uniq_mlioglotl
Swamp:4:  swamp_fiery, layout_basic_swamp, swamp_pool5, nicolae_swamp_bean_lake
Snake:1:  gammafunk_sealed_arena, layout_onion, grunt_ministairs_6,
          nicolae_snake_serpentine_bazaar, uniq_roxanne, uniq_aizul
Snake:2:  layout_layer_cave, chequers_hall_statues_corner_a,
          nicolae_snake_naga_rites, uniq_agnes
Snake:3:  layout_gridlike, st_stairs_13, corexii_hall_statues_i,
          nicolae_snake_gridmaze_spiral
Snake:4:  hellmonk_snake_rune_quicksilver_temple, layout_gridlike,
          serial_curves, eino_curves_02, eino_curves_04, uniq_vashnia
Orc:1:    layout_caves
Orc:2:    grunt_orc_gardens, layout_caves, grunt_orc_garden, grunt_orc_garden,
          grunt_orc_garden, grunt_orc_garden, serial_shops,
          nicolae_shop_advertising_works [nicolae_subvault_shop_adworks],
          uniq_snorg
Vaults:1: vaults_mumra_chevron, nicolae_vaults_asterisk,
          nicolae_vaults_door_testing_chamber, nicolae_vaults_wine_cellar,
          nicolae_vaults_oozy_zoo, nicolae_vaults_heart-shaped_vault,
          layout_vaults_omnigrid
Vaults:2: nicolae_vaults_rhombus_7, nicolae_vaults_storage_room_doors,
          ontoclasm_vaults_ring_square, nicolae_vaults_twisting_passages,
          ontoclasm_vaults_ring_large, v_misc_11, nicolae_vaults_network_square,
          nicolae_vaults_storage_closets_3, v_pattern_3,
          nicolae_vaults_three_branches, nicolae_vaults_mush_room,
          nicolae_vaults_circle_grid_a, layout_vaults_maze_bifur,
          minmay_crypt_entry_necro_gods
Vaults:3: nicolae_vaults_variable_pillar_hall, nicolae_vaults_tangent_ellipses,
          v_alt_pattern_6, nicolae_vaults_shrinking_rooms_2,
          hangedman_vaults_pinch, vaults_dpeg_spiral,
          vaults_dpeg_emergency_exit, v_misc_15, vaults_dpeg_cross, v_pattern_4,
          nicolae_vaults_doubleplus_tesselated, vaults_room_stairs_pillars,
          nicolae_vaults_layer_cake_slice, ontoclasm_vaults_gateway,
          layout_vaults_omnibox, uniq_boris
Vaults:4: nicolae_vaults_shrinking_rooms_1, nicolae_vaults_theta, v_misc_27,
          vaults_room_grunt_arrival_checkpoint, hangedman_vaults_stitches,
          nicolae_vaults_loss_of_containment, nicolae_vaults_diamond_1,
          nicolae_vaults_trapezoid_1, hangedman_vaults_stream,
          hangedman_vaults_corner_blocks, grunt_vaults_funnel,
          layout_vaults_big_room, serial_shops, shop
Depths:1: layout_big_octagon, hell_entry, infiniplex_enter_wizlab_spiral,
          minmay_misc_feat_rugged, lightli_giant_bouncers
WizLab:   wizlab_yara

Skill      XL: |  1  2  3  4  5  6  7  8  9 10 11 12 13 14 15 16 17 18 19 20 |
---------------+-------------------------------------------------------------+-----
Dodging        | 3 4 5 6 7 8 9 11 12 14 15 | 15.6
Conjurations   | 5 6 7 8 9 10 12 14 16 17 18 19 | 19.3
Spellcasting   | 4 5 6 7 8 10 12 13 15 16 17 19 21 | 21.2
Translocations | 3 6 8 9 10 | 10.0
Ice Magic      | 1 4 5 |  5.0
Air Magic      | 1 3 5 |  5.0
Earth Magic    | 3 5 7 8 11 12 14 17 | 17.0
Fighting       | 2 4 6 7 9 10 12 | 12.2
Fire Magic     | 2 5 |  5.0
Evocations     | 2 8 11 14 15 | 15.4
Necromancy     | 7 |  7.0
Transmutations | 1 7 |  7.0
Armour         | 3 |  3.1
Stealth        | |  2.4

Action                     |  1- 3 |  4- 6 |  7- 9 | 10-12 | 13-15 | 16-18 | 19-21 || total
---------------------------+-------+-------+-------+-------+-------+-------+-------++-------
  Melee: Hand axe          |    17 |    58 |     4 |       |       |       |       ||    79
         Rapier            |       |       |    79 |   107 |       |       |       ||   186
         Punch             |       |       |     2 |     2 |       |       |       ||     4
         Staff             |       |       |       |     4 |    15 |       |    22 ||    41
         Kick              |       |       |       |       |       |       |     5 ||     5
  Throw: Dart              |       |       |       |     1 |       |       |       ||     1
   Cast: Magic Dart        |    62 |   118 |   176 |   373 |   470 |   114 |       ||  1313
         Searing Ray       |     1 |    11 |    31 |    35 |       |       |       ||    78
         Iskenderun's Myst |       |       |       |    78 |    97 |   104 |    41 ||   320
         Freezing Cloud    |       |       |       |    33 |    63 |    17 |     7 ||   120
         Stone Arrow       |       |       |       |    15 |    20 |    86 |    87 ||   208
         Orb of Destructio |       |       |       |     4 |     8 |    25 |    19 ||    56
         Iskenderun's Batt |       |       |       |     3 |    90 |    19 |       ||   112
         Iron Shot         |       |       |       |       |    36 |   155 |    72 ||   263
         Fireball          |       |       |       |       |    14 |   119 |    77 ||   210
         Borgnjor's Vile C |       |       |       |       |       |    17 |    17 ||    34
         Arcjolt           |       |       |       |       |       |     7 |    20 ||    27
         Statue Form       |       |       |       |       |       |     1 |    11 ||    12
  Evoke: Wand              |       |       |     9 |    12 |     6 |     7 |     9 ||    43
         Phantom mirror    |       |       |       |       |       |     1 |       ||     1
    Use: Scroll            |       |       |     7 |    15 |    11 |     4 |     4 ||    41
         Potion            |       |       |     5 |     2 |       |     3 |     1 ||    11
   Stab: Sleeping          |     2 |     2 |     2 |     5 |       |       |       ||    11
 Armour: Robe              |     1 |    18 |    24 |    51 |    28 |     9 |     4 ||   135
         Skin              |       |       |    27 |       |       |       |    28 ||    55
  Dodge: Dodged            |    14 |    60 |    93 |   210 |    80 |    82 |    79 ||   618
         Repelled          |       |       |       |       |     2 |    17 |     2 ||    21
  Block: Other             |       |       |     8 |    61 |     4 |       |       ||    73
         Orb               |       |       |       |       |     6 |     4 |       ||    10
